[ AOE2 MATCH · #507219939 ]
UnrankedGurjaras vs Franks
Player's team · WIN
Rival team · LOSS
[ REPLAY ANALYSIS · EXTRACTED FROM THE RECORDED GAME ]
Feudal
9:37
Castle
27:18
Imperial
43:52
| APM avg | 41.3 |
| APM peak | 68 |
| eAPM avg | 21.9 |
| Villagers / military | 130 / 75 |
Focus
⚔️ 24.2% · 🌾 75.8%
Elephant Archer ×29 · Archer ×23 · Spearman ×10 · Skirmisher ×6 · Militia ×3 · Monk ×2
Feudal
9:17
Castle
32:27
Imperial
—
| APM avg | 43.8 |
| APM peak | 91 |
| eAPM avg | 20.3 |
| Villagers / military | 104 / 97 |
Focus
⚔️ 33.4% · 🌾 66.6%
Knight ×44 · Scout Cavalry ×37 · Spearman ×10 · Monk ×5 · Militia ×1
Match map
Initial resources + every placement click. Lines = walls · curves = elevation contours. ◆ gold · ⬟ stone · ● berries · ✦ relic · ◌ wall gap
Your base· ✓ Closed at 27:18 · 56t walls · 1 gate(s)
hK | triunFo's base· Open — opponent sealed themselves in
Smoothed initial terrain · ◌ = detected wall gap · hover for details
Inputs per minute
— baoquanghuy1605 - - hK | triunFo
Build order — baoquanghuy1605
First 150 of 377 actions detected
| 0:01 | Queue | Villager (Male) |
| 0:01 | Queue | Villager (Male) |
| 0:02 | Queue | Villager (Male) |
| 0:04 | Build | House |
| 0:21 | Queue | Villager (Male) |
| 0:26 | Build | House |
| 1:37 | Queue | Villager (Male) |
| 1:57 | Queue | Villager (Male) |
| 1:57 | Queue | Villager (Male) |
| 2:25 | Queue | Villager (Male) |
| 2:51 | Build | Lumber Camp |
| 3:00 | Queue | Villager (Male) |
| 3:28 | Queue | Villager (Male) |
| 3:31 | Build | House |
| 3:51 | Queue | Villager (Male) |
| 4:07 | Queue | Villager (Male) |
| 4:07 | Queue | Villager (Male) |
| 4:30 | Queue | Villager (Male) |
| 4:39 | Queue | Villager (Male) |
| 5:17 | Build | Mill |
| 5:32 | Queue | Villager (Male) |
| 5:39 | Build | House |
| 6:09 | Queue | Villager (Male) |
| 6:32 | Queue | Villager (Male) |
| 6:44 | Research | Loom |
| 7:27 | Research | Feudal Age |
| 8:41 | Build | Barracks |
| 9:37 | Age | Feudal Age |
| 9:39 | Queue | Villager (Male) |
| 9:54 | Build | Archery Range |
| 9:56 | Queue | Militia |
| 9:56 | Queue | Militia |
| 9:56 | Queue | Militia |
| 10:17 | Queue | Villager (Male) |
| 10:18 | Build | Archery Range |
| 10:28 | Queue | Villager (Male) |
| 10:32 | Build | House |
| 10:47 | Queue | Villager (Male) |
| 10:48 | Build | Mining Camp |
| 11:35 | Queue | Villager (Male) |
| 11:41 | Queue | Skirmisher |
| 11:44 | Queue | Spearman |
| 11:57 | Build | House |
| 11:57 | Queue | Skirmisher |
| 12:12 | Queue | Villager (Male) |
| 12:31 | Queue | Villager (Male) |
| 12:40 | Build | Blacksmith |
| 12:51 | Build | Palisade Wall |
| 12:56 | Queue | Villager (Male) |
| 12:58 | Build | Palisade Wall |
| 13:09 | Build | Watch Tower |
| 13:20 | Research | Double-Bit Axe |
| 13:21 | Queue | Villager (Male) |
| 13:32 | Build | House |
| 13:34 | Research | Fletching |
| 13:34 | Research | Fletching |
| 13:35 | Queue | Villager (Male) |
| 14:09 | Build | Palisade Wall |
| 14:10 | Build | Palisade Wall |
| 14:11 | Build | Palisade Wall |
| 14:18 | Queue | Villager (Male) |
| 14:20 | Queue | Archer |
| 14:21 | Queue | Spearman |
| 14:36 | Build | Mill |
| 14:49 | Queue | Villager (Male) |
| 14:55 | Build | Farm |
| 15:06 | Queue | Spearman |
| 15:08 | Queue | Archer |
| 15:44 | Queue | Villager (Male) |
| 15:45 | Queue | Archer |
| 16:03 | Queue | Villager (Male) |
| 16:06 | Build | Archery Range |
| 16:09 | Build | Farm |
| 16:10 | Build | Farm |
| 16:10 | Build | Farm |
| 16:20 | Build | Farm |
| 16:23 | Build | Farm |
| 16:26 | Build | Farm |
| 16:39 | Queue | Archer |
| 16:52 | Queue | Villager (Male) |
| 17:05 | Build | Lumber Camp |
| 17:12 | Queue | Villager (Male) |
| 17:12 | Queue | Archer |
| 17:14 | Research | Padded Archer Armor |
| 17:44 | Queue | Villager (Male) |
| 17:49 | Build | House |
| 17:50 | Build | House |
| 17:51 | Queue | Archer |
| 17:51 | Queue | Archer |
| 17:57 | Build | House |
| 18:01 | Build | Palisade Wall |
| 18:03 | Build | Palisade Wall |
| 18:03 | Build | Palisade Wall |
| 18:22 | Build | House |
| 18:24 | Queue | Archer |
| 18:25 | Queue | Archer |
| 18:28 | Queue | Villager (Male) |
| 18:37 | Build | House |
| 18:39 | Build | Palisade Wall |
| 18:40 | Build | Palisade Wall |
| 18:43 | Build | Palisade Wall |
| 18:52 | Build | Mining Camp |
| 18:53 | Queue | Villager (Male) |
| 19:01 | Build | House |
| 19:02 | Build | Palisade Wall |
| 19:02 | Build | Palisade Wall |
| 19:04 | Queue | Archer |
| 19:05 | Queue | Archer |
| 19:29 | Queue | Villager (Male) |
| 19:30 | Queue | Archer |
| 19:39 | Build | Palisade Wall |
| 19:39 | Build | Palisade Wall |
| 19:45 | Build | House |
| 19:47 | Build | Palisade Wall |
| 19:48 | Build | Palisade Wall |
| 19:49 | Build | Palisade Wall |
| 19:55 | Build | Farm |
| 19:56 | Build | Farm |
| 19:57 | Build | Farm |
| 19:59 | Queue | Villager (Male) |
| 20:01 | Queue | Skirmisher |
| 20:02 | Queue | Skirmisher |
| 20:08 | Build | House |
| 20:15 | Queue | Archer |
| 20:15 | Queue | Archer |
| 20:24 | Build | Farm |
| 20:27 | Build | Farm |
| 20:34 | Research | Town Watch |
| 20:34 | Research | Town Watch |
| 20:34 | Research | Town Watch |
| 20:44 | Build | Palisade Gate |
| 20:49 | Queue | Skirmisher |
| 20:50 | Queue | Skirmisher |
| 21:01 | Queue | Villager (Male) |
| 21:04 | Build | Mining Camp |
| 21:08 | Build | Farm |
| 21:18 | Build | Farm |
| 21:28 | Queue | Archer |
| 21:29 | Queue | Archer |
| 21:32 | Queue | Villager (Male) |
| 22:00 | Research | Wheelbarrow |
| 22:01 | Research | Wheelbarrow |
| 22:17 | Build | House |
| 22:48 | Queue | Villager (Male) |
| 22:51 | Build | Watch Tower |
| 22:59 | Queue | Archer |
| 23:00 | Queue | Archer |
| 23:24 | Queue | Villager (Male) |
| 23:40 | Build | Barracks |
| 23:44 | Build | Barracks |
Build order — hK | triunFo
First 150 of 293 actions detected
| 0:01 | Queue | Villager (Male) |
| 0:01 | Queue | Villager (Male) |
| 0:01 | Queue | Villager (Male) |
| 0:02 | Queue | Villager (Male) |
| 0:02 | Queue | Villager (Male) |
| 0:05 | Build | House |
| 1:31 | Queue | Villager (Male) |
| 1:31 | Queue | Villager (Male) |
| 1:53 | Build | House |
| 1:55 | Build | House |
| 2:05 | Queue | Villager (Male) |
| 2:05 | Queue | Villager (Male) |
| 2:21 | Queue | Villager (Male) |
| 2:21 | Queue | Villager (Male) |
| 2:50 | Queue | Villager (Male) |
| 2:51 | Queue | Villager (Male) |
| 3:04 | Build | Lumber Camp |
| 3:07 | Queue | Villager (Male) |
| 3:08 | Queue | Villager (Male) |
| 3:08 | Queue | Villager (Male) |
| 3:41 | Queue | Villager (Male) |
| 3:41 | Queue | Villager (Male) |
| 3:42 | Queue | Villager (Male) |
| 4:19 | Queue | Villager (Male) |
| 4:20 | Queue | Villager (Male) |
| 4:20 | Queue | Villager (Male) |
| 5:12 | Queue | Villager (Male) |
| 5:12 | Queue | Villager (Male) |
| 5:13 | Queue | Villager (Male) |
| 5:13 | Queue | Villager (Male) |
| 5:13 | Queue | Villager (Male) |
| 5:18 | Build | Mill |
| 6:06 | Research | Loom |
| 6:07 | Research | Loom |
| 7:07 | Research | Feudal Age |
| 7:08 | Research | Feudal Age |
| 7:46 | Build | House |
| 7:54 | Queue | Villager (Male) |
| 7:54 | Queue | Villager (Male) |
| 8:17 | Build | Barracks |
| 9:17 | Age | Feudal Age |
| 9:21 | Queue | Spearman |
| 9:21 | Queue | Spearman |
| 9:32 | Queue | Villager (Male) |
| 9:32 | Queue | Villager (Male) |
| 9:40 | Queue | Villager (Male) |
| 10:11 | Queue | Spearman |
| 10:12 | Queue | Spearman |
| 11:35 | Queue | Spearman |
| 11:35 | Queue | Spearman |
| 11:49 | Queue | Villager (Male) |
| 11:53 | Build | House |
| 11:54 | Build | House |
| 12:03 | Build | Farm |
| 12:04 | Build | Farm |
| 12:05 | Build | Farm |
| 12:06 | Build | Farm |
| 12:09 | Build | Farm |
| 12:16 | Queue | Spearman |
| 12:27 | Queue | Villager (Male) |
| 13:11 | Queue | Villager (Male) |
| 13:11 | Queue | Villager (Male) |
| 13:22 | Queue | Spearman |
| 13:23 | Queue | Villager (Male) |
| 13:23 | Queue | Villager (Male) |
| 13:29 | Build | Stable |
| 13:35 | Queue | Villager (Male) |
| 13:39 | Build | Farm |
| 13:40 | Build | Farm |
| 13:53 | Queue | Spearman |
| 14:08 | Queue | Scout Cavalry |
| 14:08 | Queue | Scout Cavalry |
| 14:14 | Build | Farm |
| 14:16 | Build | Farm |
| 14:32 | Queue | Militia |
| 14:35 | Queue | Spearman |
| 14:36 | Queue | Villager (Male) |
| 14:36 | Queue | Villager (Male) |
| 14:51 | Build | Watch Tower |
| 15:09 | Build | Farm |
| 15:10 | Build | Farm |
| 15:47 | Queue | Scout Cavalry |
| 16:03 | Queue | Villager (Male) |
| 16:04 | Queue | Villager (Male) |
| 16:04 | Queue | Villager (Male) |
| 16:04 | Queue | Villager (Male) |
| 16:33 | Queue | Villager (Male) |
| 16:40 | Queue | Scout Cavalry |
| 16:40 | Queue | Scout Cavalry |
| 16:49 | Build | House |
| 16:51 | Build | House |
| 17:17 | Queue | Villager (Male) |
| 17:30 | Queue | Scout Cavalry |
| 17:30 | Queue | Scout Cavalry |
| 17:30 | Queue | Scout Cavalry |
| 17:42 | Build | Blacksmith |
| 17:50 | Build | Farm |
| 17:51 | Queue | Scout Cavalry |
| 17:51 | Queue | Scout Cavalry |
| 18:08 | Queue | Villager (Male) |
| 18:09 | Queue | Villager (Male) |
| 18:27 | Build | Mill |
| 18:31 | Queue | Scout Cavalry |
| 18:31 | Queue | Scout Cavalry |
| 18:44 | Queue | Scout Cavalry |
| 19:27 | Queue | Villager (Male) |
| 19:29 | Queue | Villager (Male) |
| 19:29 | Queue | Villager (Male) |
| 19:35 | Queue | Villager (Male) |
| 19:54 | Build | Palisade Gate |
| 20:01 | Build | Palisade Gate |
| 20:11 | Build | Palisade Gate |
| 20:16 | Build | Palisade Gate |
| 20:33 | Queue | Scout Cavalry |
| 20:33 | Queue | Scout Cavalry |
| 20:34 | Queue | Villager (Male) |
| 20:34 | Queue | Villager (Male) |
| 20:48 | Build | Farm |
| 21:00 | Research | Scale Barding Armor |
| 21:00 | Research | Scale Barding Armor |
| 21:03 | Build | House |
| 21:09 | Build | Mining Camp |
| 21:24 | Build | Farm |
| 21:25 | Queue | Villager (Male) |
| 21:25 | Queue | Villager (Male) |
| 21:36 | Build | House |
| 21:38 | Build | House |
| 21:38 | Queue | Scout Cavalry |
| 21:39 | Queue | Scout Cavalry |
| 21:39 | Queue | Scout Cavalry |
| 21:50 | Queue | Scout Cavalry |
| 22:41 | Build | Watch Tower |
| 22:45 | Queue | Scout Cavalry |
| 22:45 | Queue | Scout Cavalry |
| 22:45 | Queue | Scout Cavalry |
| 22:46 | Queue | Scout Cavalry |
| 22:46 | Queue | Scout Cavalry |
| 23:00 | Queue | Villager (Male) |
| 23:00 | Queue | Villager (Male) |
| 23:00 | Queue | Villager (Male) |
| 23:34 | Queue | Villager (Male) |
| 23:35 | Queue | Villager (Male) |
| 23:42 | Queue | Scout Cavalry |
| 23:43 | Queue | Scout Cavalry |
| 23:43 | Queue | Scout Cavalry |
| 23:53 | Queue | Scout Cavalry |
| 23:53 | Queue | Scout Cavalry |
| 23:53 | Queue | Scout Cavalry |
| 24:24 | Build | Watch Tower |
| 24:49 | Research | Fletching |
Match timeline
| 8:17 | hK | triunFo · first_building Barracks |
| 8:41 | baoquanghuy1605 · first_building Barracks |
| 9:17 | hK | triunFo · age_up feudal |
| 9:37 | baoquanghuy1605 · age_up feudal |
| 9:54 | baoquanghuy1605 · first_building Archery Range |
| 12:51 | baoquanghuy1605 · wall_segment Palisade Wall x1 |
| 12:58 | baoquanghuy1605 · wall_segment Palisade Wall x1 |
| 13:29 | hK | triunFo · first_building Stable |
| 14:09 | baoquanghuy1605 · wall_segment Palisade Wall x1 |
| 14:10 | baoquanghuy1605 · wall_segment Palisade Wall x1 |
| 14:11 | baoquanghuy1605 · wall_segment Palisade Wall x1 |
| 18:01 | baoquanghuy1605 · wall_segment Palisade Wall x5 |
| 18:03 | baoquanghuy1605 · wall_segment Palisade Wall x8 |
| 18:03 | baoquanghuy1605 · wall_segment Palisade Wall x1 |
| 18:39 | baoquanghuy1605 · wall_segment Palisade Wall x11 |
| 18:40 | baoquanghuy1605 · wall_segment Palisade Wall x1 |
| 18:43 | baoquanghuy1605 · wall_segment Palisade Wall x4 |
| 19:02 | baoquanghuy1605 · wall_segment Palisade Wall x3 |
| 19:02 | baoquanghuy1605 · wall_segment Palisade Wall x1 |
| 19:39 | baoquanghuy1605 · wall_segment Palisade Wall x8 |
| 19:39 | baoquanghuy1605 · wall_segment Palisade Wall x1 |
| 19:47 | baoquanghuy1605 · wall_segment Palisade Wall x5 |
| 19:48 | baoquanghuy1605 · wall_segment Palisade Wall x8 |
| 19:49 | baoquanghuy1605 · wall_segment Palisade Wall x1 |
| 27:18 | baoquanghuy1605 · age_up castle |
| 29:41 | hK | triunFo · first_market_buy 100 food |
| 29:44 | hK | triunFo · first_market_sell 100 wood |
| 32:27 | hK | triunFo · age_up castle |
| 32:54 | hK | triunFo · first_building Monastery |
| 35:45 | baoquanghuy1605 · first_building Monastery |
| 37:55 | baoquanghuy1605 · wall_segment Stone Wall x1 |
| 38:15 | baoquanghuy1605 · first_building Castle |
| 42:09 | baoquanghuy1605 · first_building Stable |
| 43:19 | hK | triunFo · first_building Castle |
| 43:33 | baoquanghuy1605 · first_market_buy 100 stone |
| 43:52 | baoquanghuy1605 · age_up imperial |
| 45:08 | hK | triunFo · resign |
[ AI ANALYSIS · 1 CREDIT ]
What really happened in this match?
Wolo.gg analyzes every decision: build order, eco, micro, common mistakes by bracket. Personalized analysis on WhatsApp or Discord in 30 seconds.
Civ guide
Gurjaras
Perfil
Jugador #24357949